 Dungeon Sprint DCSS version 0.22-a0-93-g6b88ebb (webtiles) character file.

900000 Rottenbandages the Warrior (level 14, -16/126 HPs)
             Began as a Formicid Warper on Jan 24, 2018.
             Was a Follower of Makhleb.
             Demolished by a bag of meat
             ... wielding a +9 war axe
              (37 damage)
             ... in the Dungeon (Sprint VIII: "Arena of Blood").
             The game lasted 00:00:25 (9 turns).

Rottenbandages the Warrior (Formicid Warper)           Turns: 9, Time: 00:00:26

Health: -16/126    AC:  5    Str: 17    XL:     14   Next: 42%
Magic:  3/33       EV: 21    Int: 13    God:    Makhleb [*.....]
Gold:   0          SH:  0    Dex: 14    Spells: 43/43 levels left

rFire    . . .     SeeInvis +   l - +∞ Axe of Woe
rCold    . . .     Gourm    .   (no shield)
rNeg     . . .     Faith    .   b - +0 leather armour
rPois    .         Spirit   .   (helmet unavailable)
rElec    .         Reflect  .   (no cloak)
rCorr    .         Harm     .   (no gloves)
MR       +....                  (no boots)
Stlth    +.........             (no amulet)
HPRegen  0.31/turn              (no ring)
MPRegen  0.23/turn              (no ring)

@: no status effects
A: permanent stasis, dig shafts and tunnels, four strong arms, antennae 3
a: Dig, Renounce Religion


You were in the Dungeon.
You worshipped Makhleb.
Makhleb was aware of your devotion.
You were not hungry.

You visited 1 branch


Innate Abilities, Weirdness & Mutations

You cannot be hasted, slowed, berserked, paralysed or teleported.
You can dig through walls and to a lower floor.
Your four strong arms can wield two-handed weapons with a shield.
You have a pair of large antennae on your head. (SInv)


   Skills:
 + Level 16.5 Fighting
 + Level 15.3 Axes
 + Level 15.3 Throwing
 + Level 16.4 Armour
 + Level 14.2 Dodging
 + Level 15.4 Spellcasting
   Level 2.6 Translocations


You had 43 spell levels left.
You didn't know any spells.

Inventory:

Hand Weapons
 a - a +0 hand axe
 l - the +∞ Axe of Woe (weapon)
Missiles
 e - 5 tomahawks of dispersal (quivered)
Armour
 b - a +0 leather armour (worn)
Scrolls
 d - 2 scrolls of blinking
Potions
 g - a potion of curing
 h - a potion of heal wounds
 i - a potion of haste
 j - 2 potions of magic
 k - a potion of berserk rage
Books
 c - a book of Spatial Translocations

   Spells                             Type                      Level
   a - Blink                          Translocation                2
   b - Shroud of Golubria             Charms/Translocation         2
   c - Lesser Beckoning               Translocation                3
   d - Gell's Gravitas                Translocation                3
   e - Teleport Other                 Translocation                3
   f - Passage of Golubria            Translocation                4
Comestibles
 f - a ration

Dungeon Overview and Level Annotations

Branches:
Dungeon (1/1)

Altars:
Makhleb

.........▒.▒...
....o.o.........
............oo..
▒...............
................
........o...O
▒o.o....▒ .
▒.oao...▒
..▒▒▒.o.)...▒▒▒..
.......▒▒........
.......O_........
.....▒.....▒.....
.....▒_.<._▒ ....
.... ▒.....▒ ...
O......._...{. ..
......O▒▒▒.......


You could see 2 meat berserkers and 10 bags of meat.


Message History

Your Fighting skill increases to level 16!!!
Your Axes skill increases to level 15!!!
Your Throwing skill increases to level 15!!!
Your Armour skill increases to level 16!!!
Your Dodging skill increases to level 14!!!
Your Spellcasting skill increases to level 15!!!
You have reached level 14!!!
You hear a shout!!! x13
The bag of meat hits you with a +9 war axe!!!!!!!!!
You hear a shout!!! x2 2 orcs and an ogre come into view!
Unknown command!
Unknown command!
Unknown command!
You regained 72 hp, and now have 88/126 hp!
Unknown command!
Unknown command!
Unknown command!
Unknown command! 2 orcs come into view!
The bag of meat shouts!!! x4; You hear a shout!!! x2; You hear two shouts!!!
You hear a shout!!! x5
The bag of meat hits you with a +9 war axe!!!!!!!!! * * * don't die
* * * You hear a shout!!!
The bag of meat hits you with a +9 war axe!!!!!! * * * don't die
* * * You hear a shout!!! x5
The bag of meat hits you with a +9 war axe!!!!!!!!! rip

Action                   |  1- 3 |  4- 6 |  7- 9 | 10-12 | 13-15 || total
-------------------------+-------+-------+-------+-------+-------++-------
Melee: Executioner's axe |     1 |       |       |       |       ||     1
 Abil: Dig               |     1 |       |       |       |       ||     1

Vault maps used:
D:        meatsprint

Notes
Turn   | Place    | Note
-------+----------+-------------------------------------------
     0 | D        | Found the +∞ Axe of Woe
     0 | D        | Rottenbandages the Formicid Warper began the quest for the Orb.
     0 | D        | Reached XP level 1. HP: 16/16 MP: 3/3
     3 | D        | Noticed a meat berserker
     4 | D        | Became a worshipper of Makhleb the Destroyer
     5 | D        | Noticed a bag of meat
     5 | D        | Noticed a bag of meat
     5 | D        | Noticed a bag of meat
     5 | D        | Noticed a bag of meat
     6 | D        | Noticed a bag of meat
     7 | D        | Noticed a bag of meat
     8 | D        | Noticed a bag of meat
     8 | D        | Killed a meat berserker
     8 | D        | Reached skill level 15 in Fighting
     8 | D        | Reached skill level 14 in Axes
     8 | D        | Reached skill level 14 in Throwing
     8 | D        | Reached skill level 15 in Armour
     8 | D        | Reached skill level 13 in Dodging
     8 | D        | Reached skill level 14 in Spellcasting
     8 | D        | Reached XP level 2. HP: 44/44 MP: 3/17
     8 | D        | Reached XP level 3. HP: 50/50 MP: 3/18
     8 | D        | Reached XP level 4. HP: 57/57 MP: 3/20
     8 | D        | Reached XP level 5. HP: 63/63 MP: 3/21
     8 | D        | Reached XP level 6. HP: 70/70 MP: 3/23
     8 | D        | Reached XP level 7. HP: 76/76 MP: 3/24
     8 | D        | Reached XP level 8. HP: 83/83 MP: 3/26
     8 | D        | Reached XP level 9. HP: 89/89 MP: 3/27
     8 | D        | Reached XP level 10. HP: 96/96 MP: 3/28
     8 | D        | Reached XP level 11. HP: 102/102 MP: 3/29
     8 | D        | Reached XP level 12. HP: 110/110 MP: 3/30
     8 | D        | Reached XP level 13. HP: 116/116 MP: 3/31
     8 | D        | Killed a bag of meat
     8 | D        | Reached * piety under Makhleb
     8 | D        | Reached skill level 16 in Fighting
     8 | D        | Reached skill level 15 in Axes
     8 | D        | Reached skill level 15 in Throwing
     8 | D        | Reached skill level 16 in Armour
     8 | D        | Reached skill level 14 in Dodging
     8 | D        | Reached skill level 15 in Spellcasting
     8 | D        | Reached XP level 14. HP: 126/126 MP: 3/33
     9 | D        | Noticed a bag of meat
     9 | D        | Noticed a bag of meat
     9 | D        | Noticed a meat berserker
     9 | D        | Noticed a bag of meat
     9 | D        | Noticed a bag of meat
     9 | D        | Demolished by a bag of meat

Vanquished Creatures
  An ogre (D)
  An orc (D)
2 creatures vanquished.
